 Dungeon Crawl Stone Soup version 0.27-a0-1200-g94dc6ad4cf (webtiles) character file.

Game seed: 13831913112394593200

683 flotson the Covert (level 7, -1/60 HPs)
             Began as a Gnoll Delver on May 31, 2021.
             Slain by an ice beast (11 damage)
             ... on level 5 of the Dungeon.
             The game lasted 00:06:42 (5364 turns).

flotson the Covert (Gnoll Delver)                   Turns: 5364, Time: 00:06:44

Health: -1/60      AC:  6    Str: 19    XL:     7   Next: 61%
Magic:  0/10       EV: 12    Int:  9    God:
Gold:   226        SH:  0    Dex: 14    Spells: 11/11 levels left

rFire    . . .     SeeInvis +   f - +0 battleaxe
rCold    . . .     Faith    .   (shield currently unavailable)
rNeg     . . .     Spirit   +   l - +0 scale mail
rPois    +         Reflect  .   C - +0 hat {SInv}
rElec    .         Harm     .   (no cloak)
rCorr    .         Rampage  .   (no gloves)
Will     .....                  (no boots)
Stlth    +++.......             t - amulet of guardian spirit
HPRegen  0.20/turn              i - +6 ring of strength
MPRegen  0.12/turn              k - ring of poison resistance

@: no status effects
A: fangs 1, strong nose, distributed training
a: no special abilities


You were on level 5 of the Dungeon.
You visited 1 branch of the dungeon, and saw 5 of its levels.

You collected 226 gold pieces.

Inventory:

Hand Weapons
 a - a +0 trident
 f - a +0 battleaxe (weapon)
 y - a +0 halberd
Missiles
 h - 90 sling bullets
 o - 7 poisoned darts (quivered)
 E - 8 boomerangs
Armour
 l - a +0 scale mail (worn)
 C - a +0 hat of see invisible (worn)
Jewellery
 i - a +6 ring of strength (left hand)
 k - a ring of poison resistance (right hand)
 t - an amulet of guardian spirit (around neck)
 B - a ring of wizardry
Wands
 g - a wand of digging (3)
 F - a wand of mindburst (14)
Scrolls
 b - a scroll of summoning {unknown}
 c - 2 scrolls of fog
 d - a scroll of magic mapping
 e - a scroll of fear
 j - 7 scrolls of identify {unknown}
 m - a scroll of brand weapon {unknown}
 n - a scroll of enchant armour {unknown}
 p - a scroll of immolation {unknown}
 r - 2 scrolls of enchant weapon {unknown}
 A - a scroll of amnesia {unknown}
 D - 2 scrolls of acquirement {unknown}
Potions
 q - a potion of curing {unknown}
 s - 2 potions of heal wounds {unknown}
 u - a potion of attraction {unknown}
 v - 2 potions of berserk rage {unknown}
 w - 2 potions of flight {unknown}
 x - a potion of brilliance {unknown}
 z - 3 potions of mutation {unknown}


   Skills:
 + Level 7.1 Fighting
 + Level 2.6 Short Blades
 + Level 2.6 Long Blades
 + Level 2.6 Axes
 + Level 2.6 Maces & Flails
 + Level 5.3 Polearms
 + Level 2.6 Staves
 + Level 2.6 Slings
 + Level 2.6 Bows
 + Level 2.6 Crossbows
 + Level 2.6 Throwing
 + Level 2.6 Armour
 + Level 5.3 Dodging
 + Level 9.9 Stealth
 + Level 2.6 Shields
 + Level 2.6 Unarmed Combat
 + Level 2.6 Spellcasting
 + Level 2.1 Conjurations
 + Level 2.1 Hexes
 + Level 2.1 Summonings
 + Level 2.1 Necromancy
 + Level 2.1 Translocations
 + Level 2.1 Transmutations
 + Level 2.1 Fire Magic
 + Level 2.1 Ice Magic
 + Level 2.1 Air Magic
 + Level 2.1 Earth Magic
 + Level 2.1 Poison Magic
 + Level 2.9 Invocations
 + Level 2.6 Evocations


You had 11 spell levels left.
You didn't know any spells.
Your spell library contained the following spells:

 Spells                   Type           Power      Damage    Failure   Level
 Animate Skeleton         Necr           10%        N/A       36%         1
 Pain                     Necr           20%        1d5       36%         1
 Summon Small Mammal      Summ           20%        N/A       36%         1
 Call Imp                 Summ           5%         N/A       52%         2
 Call Canine Familiar     Summ           5%         N/A       75%         3
 Summon Guardian Golem    Hex/Summ       5%         N/A       75%         3
 Vampiric Draining        Necr           2%         2d6       75%         3
 Animate Dead             Necr           2%         N/A       98%         4
 Summon Ice Beast         Ice/Summ       5%         N/A       98%         4
 Summon Lightning Spire   Summ/Air       5%         N/A       98%         4
 Agony                    Necr           5%         N/A       100%        5


Dungeon Overview and Level Annotations

Branches:
Dungeon (5/15)
 Temple: D:4-7

Altars:
Ashenzari
Cheibriados
Kikubaaqudgha
Nemelex Xobeh
Okawaru
Sif Muna
Trog
The Shining One

Annotations:
D:5 Sigmund


Innate Abilities, Weirdness & Mutations

You have very sharp teeth.
Your uncanny sense of smell can sniff out nearby items.
Your experience applies equally to all skills.


Message History

No target in view!
No target in view!
No target in view!
h - 90 sling bullets (gained 16)
An ice beast comes into view.
The ice beast closely misses you.
You hit the ice beast.
You bite the ice beast, but do no damage.
The ice beast is lightly wounded.
The ice beast hits you. The ice beast freezes you!
The ice beast hits you but does no damage.
You closely miss the ice beast.
The ice beast is lightly wounded.
The ice beast completely misses you.
You hit the ice beast.
The ice beast is moderately wounded.
The ice beast hits you. The ice beast freezes you!
The ice beast closely misses you.
You hit the ice beast.
The ice beast is heavily wounded.
The ice beast hits you. The ice beast freezes you!
You are too injured to fight recklessly!
You are too injured to fight recklessly!
You are too injured to fight recklessly!
You are too injured to fight recklessly!
You are too injured to fight recklessly!
You are too injured to fight recklessly!
You are too injured to fight recklessly!
You hit the ice beast but do no damage.
The ice beast is heavily wounded.
The ice beast closely misses you.
The ice beast hits you but does no damage.
You slash the ice beast!
The ice beast is almost dead.
The ice beast hits you. The ice beast freezes you!
* * * LOW HITPOINT WARNING * * *
The ice beast hits you.
* * * LOW HITPOINT WARNING * * *
The ice beast freezes you!
You die...

+ ... #..# # ## #..#
#.. #..# #.. #..#
#..#######..#####
#........#......####
#...<......####....#
###.##..#### ##...#
###†##..# #@..#
........# #Y..#
........# #.=.#
........# #...#
###.....### #...#
..#........ #...#
#.......### #...#
.######## #...# .#


You could see an ice beast.

Vanquished Creatures
  A sky beast (D:5)
  Blork the orc (D:5)
  A scorpion (D:4)
  A howler monkey (D:5)
  A centaur zombie (D:5)
  A hound (D:5)
  An orc priest (D:4)
  3 iguanas
  A bullfrog skeleton (D:4)
  An orc wizard (D:4)
  7 gnolls
  2 adders
  A howler monkey skeleton (D:5)
  An ufetubus (D:4)
  3 dart slugs
  7 orcs
  8 ball pythons
  9 endoplasms
  3 giant cockroaches
  6 goblins
  7 hobgoblins
  13 jackals (D:4)
  4 quokkas
  5 bats
  A frilled lizard (D:2)
  10 kobolds
  7 rats
106 creatures vanquished.

Vanquished Creatures (others)
  11 plants
11 creatures vanquished.

Grand Total: 117 creatures vanquished

Notes
Turn   | Place    | Note
-------+----------+-------------------------------------------
     0 | D:5      | Reached skill level 9 in Stealth
     0 | D:5      | flotson the Gnoll Delver began the quest for the Orb.
     0 | D:5      | Reached XP level 1. HP: 23/23 MP: 1/1
    49 | D:5      | Noticed a hound
    63 | D:5      | Killed a hound
    64 | D:5      | Reached XP level 2. HP: 24/29 MP: 2/2
    64 | D:5      | Reached XP level 3. HP: 29/35 MP: 3/3
   191 | D:5      | Noticed Sigmund
   258 | D:3      | Reached skill level 1 in Invocations
   458 | D:3      | Reached skill level 1 in Short Blades
   458 | D:3      | Reached skill level 1 in Long Blades
   458 | D:3      | Reached skill level 1 in Axes
   458 | D:3      | Reached skill level 1 in Maces & Flails
   458 | D:3      | Reached skill level 1 in Staves
   458 | D:3      | Reached skill level 1 in Slings
   458 | D:3      | Reached skill level 1 in Bows
   458 | D:3      | Reached skill level 1 in Crossbows
   458 | D:3      | Reached skill level 1 in Throwing
   458 | D:3      | Reached skill level 1 in Armour
   458 | D:3      | Reached skill level 1 in Shields
   458 | D:3      | Reached skill level 1 in Unarmed Combat
   458 | D:3      | Reached skill level 1 in Spellcasting
   458 | D:3      | Reached skill level 1 in Evocations
   745 | D:2      | Reached XP level 4. HP: 41/41 MP: 5/5
  1032 | D:2      | Reached skill level 1 in Conjurations
  1032 | D:2      | Reached skill level 1 in Hexes
  1032 | D:2      | Reached skill level 1 in Summonings
  1032 | D:2      | Reached skill level 1 in Necromancy
  1032 | D:2      | Reached skill level 1 in Translocations
  1032 | D:2      | Reached skill level 1 in Transmutations
  1032 | D:2      | Reached skill level 1 in Fire Magic
  1032 | D:2      | Reached skill level 1 in Ice Magic
  1032 | D:2      | Reached skill level 1 in Air Magic
  1032 | D:2      | Reached skill level 1 in Earth Magic
  1032 | D:2      | Reached skill level 1 in Poison Magic
  1170 | D:1      | Reached XP level 5. HP: 41/47 MP: 6/6
  1395 | D:1      | Found a faded altar of an unknown god.
  3654 | D:4      | Found a sparkling altar of Nemelex Xobeh.
  3687 | D:4      | Reached XP level 6. HP: 51/53 MP: 5/8
  3833 | D:4      | Reached skill level 5 in Polearms
  3833 | D:4      | Reached skill level 5 in Dodging
  3873 | D:4      | Found a snail-covered altar of Cheibriados.
  4002 | D:4      | Found an iron altar of Okawaru.
  4002 | D:4      | Found an ancient bone altar of Kikubaaqudgha.
  4136 | D:4      | Found a bloodstained altar of Trog.
  4380 | D:4      | Found a shimmering blue altar of Sif Muna.
  4419 | D:4      | Found a glowing golden altar of the Shining One.
  4780 | D:5      | Noticed a sky beast
  4784 | D:5      | Noticed Blork the orc
  4798 | D:5      | Killed a sky beast
  4799 | D:5      | Reached XP level 7. HP: 29/60 MP: 3/10
  4810 | D:5      | Killed Blork the orc
  5091 | D:5      | Found a broken altar of Ashenzari.
  5364 | D:5      | Slain by an ice beast

Illustrated notes

Levels and vault maps discovered:
D:1:      lemuel_arrival_tunnels, layout_basic,
          hellmonk_ecumenical_altar_zigzags
D:2:      wad_woods_settlement, layout_basic
D:3:      layout_basic
D:4:      layout_loops_ring, lemuel_doored_altar, kennysheep_little_box,
          nicolae_sif_muna_condensation, overflow_temple_1_default,
          gammafunk_temple_overflow_forgotten
D:5:      layout_gridville, overflow_temple_1_default, serial_co_window_serial,
          co_window_of_opportunity_a, co_window_paths_b, co_window_paths_a,
          co_window_corner_a, co_window_corner_a, co_window_unsneaky_path_d,
          co_window_broadway_a, co_window_broadway_a, co_window_corner_b,
          co_window_corner_b, co_window_of_opportunity_b, co_window_paths_e,
          glass_columns_c, glass_columns_a, glass_columns_a, glass_columns_b,
          kennysheep_generic_room_9, uniq_grinder, uniq_sigmund,
          uniq_blork_the_orc

Skill      XL: |  1  2  3  4  5  6  7 |
---------------+----------------------+-----
Stealth        | |  9.9
Invocations    | 1 2 |  2.9
Short Blades   | 1 2 |  2.6
Long Blades    | 1 2 |  2.6
Axes           | 1 2 |  2.6
Maces & Flails | 1 2 |  2.6
Staves         | 1 2 |  2.6
Slings         | 1 2 |  2.6
Bows           | 1 2 |  2.6
Crossbows      | 1 2 |  2.6
Throwing       | 1 2 |  2.6
Armour         | 1 2 |  2.6
Shields        | 1 2 |  2.6
Unarmed Combat | 1 2 |  2.6
Spellcasting   | 1 2 |  2.6
Evocations     | 1 2 |  2.6
Conjurations   | 1 2 |  2.1
Hexes          | 1 2 |  2.1
Summonings     | 1 2 |  2.1
Necromancy     | 1 2 |  2.1
Translocations | 1 2 |  2.1
Transmutations | 1 2 |  2.1
Fire Magic     | 1 2 |  2.1
Ice Magic      | 1 2 |  2.1
Air Magic      | 1 2 |  2.1
Earth Magic    | 1 2 |  2.1
Poison Magic   | 1 2 |  2.1
Polearms       | 5 |  5.3
Dodging        | 5 |  5.3
Fighting       | 7 |  7.1

Action                   |  1- 3 |  4- 6 |  7- 9 || total
-------------------------+-------+-------+-------++-------
Melee: Spear             |    64 |    43 |       ||   107
       Bite              |     4 |    22 |     5 ||    31
       Trident           |       |    71 |       ||    71
       Halberd           |       |   144 |     4 ||   148
       Battleaxe         |       |       |    29 ||    29
Throw: Dart              |       |    12 |       ||    12
  Use: Potion            |       |       |     1 ||     1
 Stab: Sleeping          |     7 |    17 |       ||    24
       Distracted        |       |     1 |       ||     1
Armor: Leather armour    |    11 |       |       ||    11
       Scale mail        |       |    80 |    22 ||   102
Dodge: Dodged            |    33 |   111 |    23 ||   167

Table legend: (Time is in decaauts)
 A = Elapsed time spent in this place.
 B = Non-inter-level travel time spent in this place.
 C = Inter-level travel time spent in this place.
 D = Time resting spent in this place.
 E = Time spent auto-exploring this place.
 F = Levels seen in this place.
 G = Mean time per level.
                   A        B        C        D        E       F      G
               +--------+--------+--------+--------+--------+-----+--------+
         Total |   5393 |   5216 |    177 |    183 |   4187 |   5 | 1078.6 |
       Dungeon |   5393 |   5216 |    177 |    183 |   4187 |   5 | 1078.6 |
               +--------+--------+--------+--------+--------+-----+--------+

Top non-repeatable levels by time:
     D:4: 1311 daAuts
     D:2: 1174 daAuts
     D:3: 1048 daAuts
     D:5: 995 daAuts
     D:1: 863 daAuts
